[Event "Late-Titled-Tuesday-Blitz-December-26-2023"]
[Site "Chess.com"]
[Date "2023.12.26"]
[Round "6"]
[White "rhungaski"]
[Black "alvarorodriguezavila"]
[Result "1-0"]
[WhiteElo "2463"]
[BlackElo "2290"]
[TimeControl "180+1"]
[EndTime "15:07:07 PST"]
[Termination "rhungaski won on time"]

1. b3 e5 2. Bb2 Nc6 3. c4 Nf6 4. e3 d5 5. cxd5 Nxd5 6. a3 a6 7. d3 Be7 8. Nd2 O-O 9. Be2 f5 10. Qc2 f4 11. e4 Nb6 12. Ngf3 Bd6 13. b4 Kh8 14. h3 Qe7 15. O-O Bd7 16. Rfe1 Rf6 17. d4 Rg6 18. Nxe5 Bxe5 19. dxe5 Bxh3 20. Bf3 Bxg2 21. Bxg2 Qg5 22. Kf1 Qxg2+ 23. Ke2 f3+ 24. Kd1 Qxf2 25. Rf1 Qe2+ 26. Kc1 f2 27. Qd1 Qd3 28.
Qb3 Qb5 29. Rxf2 a5 30. Kc2 axb4 31. Raf1 Nd7 32. e6 Qc5+ 33. Kb1 Nf6 34. Rxf6 gxf6 35. Rxf6 Rxf6 36. Bxf6+ Kg8 37. e7+ 1-0

[Event "Late-Titled-Tuesday-Blitz-December-26-2023"]
[Site "Chess.com"]
[Date "2023.12.26"]
[Round "6"]
[White "h4parah5"]
[Black "Durarbayli"]
[Result "0-1"]
[WhiteElo "2924"]
[BlackElo "2918"]
[TimeControl "180+1"]
[EndTime "15:07:08 PST"]
[Termination "Durarbayli won on time"]

1. Nf3 d5 2. e3 c5 3. d4 Nf6 4. Nbd2 Qc7 5. dxc5 Qxc5 6. a3 g6 7. b4 Qc7 8. Bb2 Bg7 9. c4 O-O 10. Rc1 dxc4 11. Bxc4 Qb6 12. O-O Nc6 13. Qb3 a5 14.
Ng5 Nd8 15. Bd4 Qd6 16. Nde4 Qb8 17. bxa5 Rxa5 18. Bb6 Nxe4 19. Nxe4 Re5 20. Bc7 Qxc7 21. Bxf7+ Nxf7 22. Rxc7 Rxe4 23. Rfc1 Be6 24. Qxb7 Nd6 25.
Qc6 Bf7 26. Ra7 Bf6 27. Ra8 Rxa8 28. Qxa8+ Kg7 29. h3 Be8 30. Qd5 Ra4 31. Qd3 Bf7 32. Rc6 Bc4 33. Qd1 Bb5 34. Rxd6 exd6 35. Qxd6 Be8 36.
Qc7+ Bf7 37. Qd6 Bb2 38. g4 Rxa3 39. Qb4 Ra1+ 40. Kh2 Bf6 0-1

[Event "Late-Titled-Tuesday-Blitz-December-26-2023"]
[Site "Chess.com"]
[Date "2023.12.26"]
[Round "6"]
[White "sheldons73tshirt"]
[Black "baag"]
[Result "0-1"]
[WhiteElo "2671"]
[BlackElo "2847"]
[TimeControl "180+1"]
[EndTime "15:07:09 PST"]
[Termination "baag won on time"]

1. e4 c6 2. c4 d5 3. cxd5 cxd5 4. exd5 Nf6 5. Nc3 Nxd5 6. Nf3 Nc6 7. Bb5 g6 8. Qa4 Nb6 9. Qh4 a6 10. Bxc6+ bxc6 11. d4 h6 12. O-O Bg7 13. Re1 g5 14. Qg3 Nd5 15. Ne4 Nf6 16. Nxf6+ Bxf6 17. Bd2 Be6 18.
Bb4 Qd5 19. a3 a5 20. Bc5 Kf8 21. Ne5 Kg7 22. Rad1 Rhb8 23. b4 axb4 24. axb4 Rg8 25. h3 Ra2 26. Ra1 Rga8 27. Rxa2 Rxa2 28. Qe3 Bf5 29.
Qg3 e6 30. Qe3 Rb2 31. Qc3 Rb3 32. Qa1 Bxe5 33. dxe5 Bxh3 34. f3 Bxg2 35. Qa8 Qxf3 36.
Qf8+ Kg6 37. Qg8+ Kh5 38. Bf8 Bh3 0-1

[Event "Late-Titled-Tuesday-Blitz-December-26-2023"]
[Site "Chess.com"]
[Date "2023.12.26"]
[Round "6"]
[White "WindWhistler11"]
[Black "FontVella8"]
[Result "0-1"]
[WhiteElo "2501"]
[BlackElo "2778"]
[TimeControl "180+1"]
[EndTime "15:07:13 PST"]
[Termination "FontVella8 won by resignation"]

1. Nf3 Nf6 2. c4 e6 3. g3 d5 4. Bg2 dxc4 5. Na3 Bxa3 6. bxa3 O-O 7. a4 Nbd7 8. Qc2 c5 9. Qxc4 Qa5 10. Ba3 Nd5 11. O-O N5b6 12. Qc2 Qxa4 13. Rfc1 Qxa3 14. Ng5 Nf6 15. Rab1 Nbd5 16. Rb3 Qa5 17. e4 Nb4 18. Qb1 e5 19. f4 Nc6 20. Rb5 Qxd2 21. Rbxc5 Ng4 22. h3 Qf2+ 23. Kh1 Ne3 24. Rg1 Nd4 25. Qe1 Qxe1 26. Rxe1 Nxg2 27. Kxg2 f6 28. Nf3 Bxh3+ 29. Kxh3 Nxf3 30. Rec1 Nd4 31. Rc7 Rf7 32. Rxf7 Kxf7 33.
Rc7+ Kg6 34. f5+ Kh6 35. Rxb7 a5 36. a4 g6 37. Rb6 Kg5 38. fxg6 hxg6 39. Kg2 Rc8 40.
Ra6 Rc2+ 41. Kf1 Nc6 42. Ke1 Kg4 43. Kd1 Rc5 44. Ke2 Kxg3 45. Kd3 Kf4 46. Rb6 Nb4+ 47. Ke2 f5 48. Rxg6 Kxe4 49. Rh6 Rc2+ 0-1

[Event "Late-Titled-Tuesday-Blitz-December-26-2023"]
[Site "Chess.com"]
[Date "2023.12.26"]
[Round "6"]
[White "Rodalquilar"]
[Black "ozates"]
[Result "1-0"]
[WhiteElo "2763"]
[BlackElo "2611"]
[TimeControl "180+1"]
[EndTime "15:07:13 PST"]
[Termination "Rodalquilar won by resignation"]

1. d4 Nf6 2. Nf3 d5 3. Bf4 c5 4. e3 Nc6 5. c3 Nh5 6. Bg5 h6 7. Bh4 g5 8. Bg3 Nxg3 9. hxg3 cxd4 10. cxd4 Bg7 11. Nc3 O-O 12. Rc1 Bg4 13. Bd3 e5 14.
Be2 Bxf3 15. Bxf3 exd4 16. Nxd5 dxe3 17. Nxe3 Bxb2 18. Qxd8 Rfxd8 19. Rc2 Bg7 20. Bxc6 bxc6 21. Rxc6 Rac8 22. Rxc8 Rxc8 23. Kd2 Rd8+ 24. Ke2 Rb8 25. Rd1 Rb2+ 26. Rd2 Rxd2+ 27. Kxd2 Bd4 28. f3 Bxe3+ 29. Kxe3 Kg7 30. Ke4 Kg6 31. Ke5 f5 32. a4 h5 33.
a5 a6 34. Ke6 g4 35. f4 h4 36. gxh4 g3 37. h5+ Kxh5 38. Kxf5 Kh4 39. Kg6 Kg4 40. f5 Kf4 41. f6 Ke3 42. f7 Kf2 43. f8=Q+ Kxg2 44. Qa8+ Kf1 45. Qxa6+ Kf2 46. Qb6+ 1-0

[Event "Late-Titled-Tuesday-Blitz-December-26-2023"]
[Site "Chess.com"]
[Date "2023.12.26"]
[Round "6"]
[White "yosephtaher"]
[Black "MITerryble"]
[Result "1-0"]
[WhiteElo "2935"]
[BlackElo "3025"]
[TimeControl "180+1"]
[EndTime "15:07:14 PST"]
[Termination "yosephtaher won on time"]

1. e4 c6 2. d4 d5 3. e5 c5 4.
dxc5 e6 5. Nf3 Bxc5 6. Bd3 Nc6 7. a3 f6 8. b4 Be7 9. Bb2 Nh6 10. O-O O-O 11. Nbd2 Nf7 12. exf6 Bxf6 13. Bxf6 Qxf6 14.
c4 Bd7 15. Qe2 Rad8 16. Rfe1 Rfe8 17. Nb3 Kf8 18. Rac1 g6 19. b5 Nb8 20. a4 Bc8 21. Qe3 dxc4 22. Bxc4 b6 23. a5 Nd7 24. Bf1 Bb7 25.
Nfd4 Bd5 26. Rc7 Nde5 27. Rxa7 bxa5 28. Nxa5 Ng4 29. Qd2 Ba8 30. Nab3 e5 31. h3 Ngh6 32. Qb4+ Kg8 33. Nc2 Nf5 34. Ne3 Nxe3 35. fxe3 Ng5 36.
Qg4 Rf8 37. Ra2 h5 38. Qe2 Bd5 39. Rb2 Ne4 40. Qc2 Qg5 41. Bc4 1-0

[Event "Late-Titled-Tuesday-Blitz-December-26-2023"]
[Site "Chess.com"]
[Date "2023.12.26"]
[Round "6"]
[White "liczner"]
[Black "DCacheiro"]
[Result "1-0"]
[WhiteElo "2934"]
[BlackElo "2553"]
[TimeControl "180+1"]
[EndTime "15:07:15 PST"]
[Termination "liczner won on time"]

1. e4 e5 2. Nf3 Nc6 3. Bb5 a6 4. Bxc6 dxc6 5. O-O Qf6 6. d4 exd4 7. Bg5 Qd6 8. Nxd4 Be7 9. Bxe7 Nxe7 10. Nc3 Bd7 11. Nb3 O-O-O 12. Qh5 f6 13. Rad1 Qe6 14. Nc5 Qc4 15. Nxd7 Rxd7 16. Rxd7 Kxd7 17. Qg4+ f5 18.
Rd1+ Kc8 19. Qxg7 Re8 20. Qxh7 f4 21. e5 f3 22. Qh3+ Kb8 23. Qxf3 Rg8 24. Re1 Ng6 25. Qe4 Qe6 26. f4 Nh4 27. g3 Nf5 28. Qf3 Nd4 29.
Qf2 Nf5 30. b3 Nh6 31. Ne4 Ng4 32. Qe2 Rh8 33. h4 Nh6 34. Ng5 Qg6 35. e6 Nf5 36. e7 Re8 37. Qe6 Qxe6 38. Rxe6 Nxg3 39. Ne4 Nf5 40. Nf6 Rxe7 41. Rxe7 Nxe7 42. h5 1-0

[Event "Late-Titled-Tuesday-Blitz-December-26-2023"]
[Site "Chess.com"]
[Date "2023.12.26"]
[Round "6"]
[White "Elsa167"]
[Black "lucasmito"]
[Result "1-0"]
[WhiteElo "2984"]
[BlackElo "2739"]
[TimeControl "180+1"]
[EndTime "15:07:19 PST"]
[Termination "Elsa167 won on time"]

1. d4 Nf6 2. c4 e6 3. g3 d5 4.
Bg2 dxc4 5. Nf3 a6 6. O-O Nc6 7. a4 Rb8 8. a5 Bb4 9. Ra4 Qd6 10.
Bf4 Qe7 11. Ne5 Nxe5 12. Bxe5 O-O 13. Qc2 Bd7 14. Ra1 Bb5 15. Nc3 Rbd8 16. Nxb5 axb5 17. Bxb7 c5 18. a6 cxd4 19. Bxf6 gxf6 20. Qe4 f5 21. Qc6 Bc5 22. Qxb5 c3 23. bxc3 dxc3 24.
Qc4 Ba7 25. Rac1 Bd4 26. e3 Be5 27. Rc2 Rd2 28. Rfc1 Rfd8 29. Kg2 Qa3 30. Qb5 Bf6 31. Qb6 R8d6 32. Qc7 Kg7 33. Qc4 Rxc2 34. Rxc2 Rd2 35. Rxd2 cxd2 36. Qe2 Qc1 37. Bf3 Qa1 38. Qd3 Bc3 39.
Be2 Bf6 40. Qc2 Bc3 41. Qd1 1-0

[Event "Late-Titled-Tuesday-Blitz-December-26-2023"]
[Site "Chess.com"]
[Date "2023.12.26"]
[Round "6"]
[White "aksuliini1"]
[Black "laskakid"]
[Result "1/2-1/2"]
[WhiteElo "2477"]
[BlackElo "2357"]
[TimeControl "180+1"]
[EndTime "15:07:19 PST"]
[Termination "Game drawn by repetition"]

1. e4 e5 2. Nf3 Nc6 3. Nc3 Nf6 4. d4 exd4 5. Nxd4 Bb4 6. Nxc6 bxc6 7. Bd3 O-O 8. Bd2 Re8 9. O-O Bxc3 10. Bxc3 Nxe4 11. Bxe4 Rxe4 12. Re1 Rxe1+ 13. Qxe1 d6 14. Qe4 Bd7 15. Re1 Qf8 16. Qd4 c5 17. Qd5 h6 18. Qb7 Qc8 19. Qf3 Qf8 20. Qb7 Qc8 21. Qe4 Qf8 22. h4 Re8 23. Qf3 Rxe1+ 24. Bxe1 Qe7 25. Bc3 a6 26. Qa8+ Kh7 27. Qxa6 Qxh4 28.
Qd3+ Kg8 29. b3 Bc6 30. f3 Qg3 31. Qe3 h5 32. a4 h4 33. Be1 Qg6 34. Bxh4 Qxc2 35.
Bd8 Qd1+ 36. Kh2 c4 37. bxc4 Qxa4 38. Bxc7 Qxc4 39. Bxd6 Qe6 40. Qd4 Qh6+ 41. Kg1 Qc1+ 42. Kf2 Qc2+ 43. Kg3 Qg6+ 44. Kf2 Qc2+ 45. Kg1 Qb1+ 46.
Kh2 Qh7+ 47. Kg3 Qg6+ 48. Kf2 Qc2+ 1/2-1/2

[Event "Late-Titled-Tuesday-Blitz-December-26-2023"]
[Site "Chess.com"]
[Date "2023.12.26"]
[Round "6"]
[White "Walter_White_Poland"]
[Black "alertakobra"]
[Result "1-0"]
[WhiteElo "2298"]
[BlackElo "2431"]
[TimeControl "180+1"]
[EndTime "15:07:19 PST"]
[Termination "Walter_White_Poland won on time"]

1. e4 c5 2. Nf3 Nc6 3. Nc3 g6 4. Bb5 Bg7 5. O-O Nf6 6. Re1 O-O 7. e5 Ng4 8. Bxc6 dxc6 9. d3 Nh6 10. h3 Nf5 11. b3 Nd4 12. Bf4 b6 13. Ne4 Be6 14. a4 a5 15. Neg5 Bd5 16. Nxd4 cxd4 17. e6 f5 18. Nf7 Qc8 19. Nh6+ Kh8 20. Nf7+ Kg8 21.
Nh6+ Bxh6 22. Bxh6 Rf6 23. Bg5 Rxe6 24. Bxe7 Qd7 25.
Rxe6 Qxe6 26. Qe1 Re8 27. Qxe6+ Bxe6 28. Bd6 Bd5 29. Kf1 b5 30. axb5 cxb5 31. Rxa5 Re6 32.
Bc5 Rc6 33. b4 f4 34. f3 g5 35. Rxb5 h5 36. Rb8+ Kf7 37. Rf8+ Kg6 38. Rd8 Be6 39. Rd6 Rxd6 40. Bxd6 Ba2 41. Ke2 Kf5 42. Bf8 Bd5 43. Bg7 1-0

[Event "Late-Titled-Tuesday-Blitz-December-26-2023"]
[Site "Chess.com"]
[Date "2023.12.26"]
[Round "6"]
[White "EsmeraldasAnderson03"]
[Black "mightysmasher"]
[Result "0-1"]
[WhiteElo "2395"]
[BlackElo "2571"]
[TimeControl "180+1"]
[EndTime "15:07:21 PST"]
[Termination "mightysmasher won by resignation"]

1. d4 d5 2. c4 e6 3. cxd5 exd5 4. Nc3 Nf6 5. Bg5 Be7 6. Qc2 O-O 7. e3 c6 8. Bd3 h6 9. Bh4 Na6 10. Bxa6 bxa6 11. Nf3 Re8 12. O-O Bd6 13. Na4 Bd7 14.
Nc5 Bxc5 15. Qxc5 Ne4 16. Bxd8 Nxc5 17. dxc5 Raxd8 18. Nd4 Rb8 19. b3 a5 20. h3 Rb7 21.
g4 Reb8 22. a4 Kf8 23. Kg2 Ke7 24. Kg3 f6 25. h4 Rb4 26. Rac1 Kf7 27. h5 a6 28. Kf4 Re8 29. Rc3 Re4+ 30. Kg3 Rxg4+ 31. Kf3 Rh4 32. Rg1 Rxh5 33. Rcc1 Re5 34. Rg3 h5 35. Rcg1 g5 36. Rh1 h4 37. Rgg1 Bf5 38. Rh2 Be4+ 39. Ke2 Re8 40. Kd2 Rc8 41. Kc3 Bg6 42. f4 Re8 43. Rh3 gxf4 44. exf4 Be4 45. Nxc6 d4+ 46. Nxd4 Rd8 47. Rg7+ Kxg7 48. Ne6+ Kf7 49. Nxd8+ Ke7 50. Re3 Kxd8 51. Rh3 Bd5 52. Rxh4 Rxb3+ 53. Kd4 Bc6 54. Rh7 Rb4+ 55. Ke3 Rxa4 56. Ra7 Ra3+ 57. Kd4 Ra4+ 58. Ke3 Re4+ 59. Kf3 Re7+ 60. Kg4 Rxa7 0-1

[Event "Late-Titled-Tuesday-Blitz-December-26-2023"]
[Site "Chess.com"]
[Date "2023.12.26"]
[Round "6"]
[White "staz_staz"]
[Black "katharinareinecke"]
[Result "1-0"]
[WhiteElo "2255"]
[BlackElo "2015"]
[TimeControl "180+1"]
[EndTime "15:07:21 PST"]
[Termination "staz_staz won on time"]

1. d4 d5 2. Nf3 Nf6 3. c4 c6 4. Nc3 e6 5. Bg5 Be7 6. e3 O-O 7. Bd3 h6 8. h4 dxc4 9. Bxc4 b5 10. Bd3 a6 11. Bxf6 Bxf6 12. g4 Nd7 13. g5 Be7 14. gxh6 g6 15. h5 g5 16. Ne4 c5 17. Rg1 f6 18.
Nh4 cxd4 19. h7+ Kg7 20. h6+ Kxh6 21. Nf5+ exf5 22. Rh1+ Kg7 23. Qh5 Kh8 24. Ng3 Qe8 25.
Qh6 Qf7 26. Nxf5 dxe3 27. O-O-O Ne5 28. Be4 Bxf5 29. Bxf5 Qg7 30. fxe3 Qxh6 31. Rxh6 Rab8 32. Kb1 Rb7 33. a3 Rc7 34. e4 Bc5 35. Rc1 Bd4 36.
Rxc7 Nd3 37. e5 Bxe5 38. Bxd3 Rd8 39. Rc3 Bxc3 40. Bf5 Be5 41. Rg6 Re8 42. Rh6 Rf8 43. Rh1 Rd8 44. Rc1 Rf8 45. Rc6 1-0

[Event "Late-Titled-Tuesday-Blitz-December-26-2023"]
[Site "Chess.com"]
[Date "2023.12.26"]
[Round "6"]
[White "BogdanDeac"]
[Black "TanitoluwaAps116"]
[Result "1-0"]
[WhiteElo "3018"]
[BlackElo "2757"]
[TimeControl "180+1"]
[EndTime "15:07:22 PST"]
[Termination "BogdanDeac won by resignation"]

1. b3 Nf6 2. Bb2 d5 3. e3 c5 4. Nf3 Nc6 5. Bb5 Bd7 6. O-O e6 7. Bxc6 Bxc6 8. Ne5 Bd6 9. Nxc6 bxc6 10. d3 O-O 11. Nd2 Re8 12. e4 e5 13. Re1 Qd7 14. Nf3 Qc7 15. Nh4 g6 16. Qf3 Kg7 17.
Bc1 Re6 18. g3 Rae8 19. Ng2 Qa5 20. Qe2 c4 21. Bd2 cxd3 22. cxd3 Qb5 23. Rac1 Rd8 24.
Bc3 Bc5 25. h3 dxe4 26. dxe4 Rd3 27. a4 Qa6 28. b4 Bd4 29. b5 Rxc3 30. bxa6 Rxg3 31.
Kh2 Ra3 32. Rc4 c5 33. Rec1 Rb6 34. Rxc5 Rbb3 35. R5c4 Rxh3+ 36. Kg1 Bb6 37. a5 Rxa5 38.
Rc6 Bd4 39. R6c4 Bb6 40. Rc6 Bd4 41. Rd6 Bc5 42. Rxf6 Kxf6 43. Ne3 Rh4 44. Qd2 Rb5 45. Rxc5 Rxc5 46. Qd6+ Kg5 47. Qxc5 Kf4 48. Qc3 f5 49. Ng2+ Kxe4 50. Nxh4 1-0

[Event "Late-Titled-Tuesday-Blitz-December-26-2023"]
[Site "Chess.com"]
[Date "2023.12.26"]
[Round "6"]
[White "SCIM"]
[Black "slidingknight2775"]
[Result "1/2-1/2"]
[WhiteElo "2516"]
[BlackElo "2686"]
[TimeControl "180+1"]
[EndTime "15:07:23 PST"]
[Termination "Game drawn by repetition"]

1. d4 d5 2. c4 e6 3. Nf3 Nf6 4.
g3 dxc4 5. Qa4+ Nbd7 6. Qxc4 b6 7. Bg2 Bb7 8. O-O Be7 9. Nc3 O-O 10. Bg5 h6 11.
Bxf6 Nxf6 12. Ne5 Bxg2 13. Kxg2 c5 14. Nc6 Qc7 15. Nxe7+ Qxe7 16. dxc5 Rfc8 17. b4 a5 18.
a3 axb4 19. axb4 Rxa1 20. Rxa1 bxc5 21. b5 Qb7+ 22. Kg1 Nd5 23. Ne4 Qc7 24. h4 Nb6 25. Qc2 c4 26. Nc3 Qc5 27. e4 Nd7 28. Kg2 Ne5 29.
Rb1 Nd3 30. b6 Qxb6 31. Qxd3 cxd3 32. Rxb6 Rxc3 33. Rb8+ Kh7 34. Rd8 Kg6 35. Kf3 Kf6 36. Ke3 d2+ 37. Kxd2 Rf3 38. Ke2 Ra3 39. Rd7 g6 40. Rb7 h5 41. Rc7 Rb3 42. Ra7 Rc3 43. Rb7 Ra3 44. Rc7 Kg7 45. Rd7 Rc3 46. Rd3 Rc2+ 47.
Ke3 Rc1 48. Rd7 Rc3+ 49. Kf4 Rc5 50. Ke3 Rc3+ 51. Ke2 Rc2+ 52. Ke3 Rc3+ 1/2-1/2

[Event "Late-Titled-Tuesday-Blitz-December-26-2023"]
[Site "Chess.com"]
[Date "2023.12.26"]
[Round "6"]
[White "DanylaBagrov"]
[Black "ilya2700"]
[Result "1-0"]
[WhiteElo "2578"]
[BlackElo "2363"]
[TimeControl "180+1"]
[EndTime "15:07:24 PST"]
[Termination "DanylaBagrov won on time"]

1. d4 d5 2. c4 e6 3. cxd5 exd5 4. Bf4 Nf6 5. e3 Be7 6. Bd3 O-O 7. Nc3 Nbd7 8. Nf3 b6 9. h3 Bb7 10. O-O c5 11. b3 Rc8 12. Rc1 Ne4 13. dxc5 Ndxc5 14. Bb1 Qd7 15. Ne5 Qe6 16. Nb5 a6 17. Nd4 Qf6 18.
Qe2 Bd6 19. Ng4 Qd8 20. Bxd6 Qxd6 21. Rfd1 Rfe8 22. Qf3 Ne6 23. Rxc8 Rxc8 24. Nf5 Qf8 25. Bd3 N6c5 26. Bf1 Nc3 27. Rd4 Ne6 28. Rd3 Ne4 29.
Ne5 a5 30. Qg4 Nf6 31. Nh6+ Kh8 32. Nhxf7+ Kg8 33. Qxe6 Re8 34. Qxb6 Rb8 35. Qxa5 d4 36. exd4 Qc8 37. Qe1 Ra8 38. Qe3 Qe6 39. Ng5 Qd5 40. Qg3 Rxa2 41. Rd1 Rb2 42. Bc4 1-0

[Event "Late-Titled-Tuesday-Blitz-December-26-2023"]
[Site "Chess.com"]
[Date "2023.12.26"]
[Round "6"]
[White "Zampronha1971"]
[Black "dosto07"]
[Result "0-1"]
[WhiteElo "2332"]
[BlackElo "2533"]
[TimeControl "180+1"]
[EndTime "15:07:24 PST"]
[Termination "dosto07 won on time"]

1. e4 e5 2. Nf3 Nc6 3. d4 exd4 4. Nxd4 Nf6 5. Nxc6 bxc6 6. e5 Qe7 7. Qe2 Nd5 8.
c4 Nb6 9. Nc3 a5 10. Qe4 g6 11.
Bd3 Bg7 12. O-O O-O 13. Re1 Qe6 14. Bf4 Ba6 15. b3 d5 16. cxd5 cxd5 17. Qe2 Bxd3 18. Qxd3 a4 19. Nb5 Qd7 20. Rac1 c6 21. Nd4 axb3 22. axb3 Rfc8 23. e6 fxe6 24. Nxe6 Bf6 25. Nc5 Qf7 26. Bg3 Re8 27. Rxe8+ Qxe8 28. Qf3 Qf7 29.
h3 Bd4 30. Qxf7+ Kxf7 31. Nb7 Ra3 32. Rxc6 Rxb3 33. Nd6+ Ke7 34. Rc7+ Ke6 35. Rxh7 Rxg3 36. Nb5 Rd3 37. Nxd4+ Rxd4 38. Rh6 Rd1+ 39. Kh2 Kf6 40.
Kg3 d4 41. Rh8 Nd5 42. Rd8 Ke6 43. Kf3 d3 44. Re8+ Kd6 45. Rg8 Re1 46. Rxg6+ Kc5 0-1

[Event "Late-Titled-Tuesday-Blitz-December-26-2023"]
[Site "Chess.com"]
[Date "2023.12.26"]
[Round "6"]
[White "a-z30"]
[Black "lefonghua"]
[Result "1-0"]
[WhiteElo "2515"]
[BlackElo "2665"]
[TimeControl "180+1"]
[EndTime "15:07:26 PST"]
[Termination "a-z30 won by resignation"]

1. c4 Nf6 2. Nc3 g6 3. e4 d6 4. d4 Bg7 5. Nf3 O-O 6. Be2 Bg4 7. Be3 Nfd7 8. Ng1 Bxe2 9. Ngxe2 c5 10. O-O cxd4 11.
Nxd4 Nc6 12. Rc1 Nxd4 13. Bxd4 Bxd4 14. Qxd4 Qb6 15. Qd2 Nf6 16. b3 Rac8 17. Nd5 Nxd5 18. exd5 Rfe8 19. h4 e5 20. dxe6 Rxe6 21. Rfe1 Rce8 22.
Rxe6 Rxe6 23. h5 Qc5 24. h6 Qh5 25. c5 d5 26. b4 a6 27. a4 Re4 28. g3 Qf3 29. Rc3 Qf5 30. b5 Rxa4 31. c6 Ra1+ 32. Rc1 Rxc1+ 33. Qxc1 Qc8 34. c7 Kf8 35. Qc5+ Ke8 36.
b6 d4 37. Qxd4 a5 38. Qe5+ Kf8 39. Qc5+ Ke8 40. Qxa5 Kd7 41. Qd5+ Ke7 42. Qe5+ Kd7 43. Qf4 Kc6 44. Qxf7 Kxb6 45. Qxh7 Qf5 46. Qe7 Qb1+ 47. Kh2 Qc2 48. Qe3+ Kxc7 49. h7 Qb2 50. Qe7+ Kb6 51. Qf8 g5 52. h8=Q Qxh8+ 1-0

[Event "Late-Titled-Tuesday-Blitz-December-26-2023"]
[Site "Chess.com"]
[Date "2023.12.26"]
[Round "6"]
[White "IMRosen"]
[Black "Szparu"]
[Result "0-1"]
[WhiteElo "2697"]
[BlackElo "2903"]
[TimeControl "180+1"]
[EndTime "15:07:29 PST"]
[Termination "Szparu won by checkmate"]

1. e4 e6 2. f4 d5 3. e5 d4 4. Nf3 Ne7 5. c3 Nbc6 6. Na3 Nd5 7. g3 Bxa3 8. bxa3 dxc3 9. d4 Bd7 10. Bc4 Nce7 11.
O-O Bc6 12. a4 Qd7 13. Ba3 Bxa4 14. Qd3 Nb6 15. Rfc1 Nxc4 16. Qxc4 Nd5 17. Rab1 Bc6 18. Ng5 Ne3 19. Qb3 c2 20. Rb2 Qxd4 21. Nxe6 Qd1+ 22.
Rxd1 cxd1=Q+ 23. Qxd1 Nxd1 24. Nxg7+ Kd7 25. Rd2+ Kc8 26.
Rxd1 Rd8 27. Rc1 Rd2 28. f5 Rxa2 29. Bf8 Rg2+ 30. Kf1 Rxh2 31. Rc3 a5 32. e6 fxe6 33. f6 Rh6 34. Be7 Kd7 35. Rd3+ Bd5 36. g4 Rg6 37.
Kf2 Rxg7 38. fxg7 Kxe7 39. Kg3 Rg8 40. Rc3 c6 41. Rd3 Rxg7 42. Kh4 a4 43. Rd4 b5 44. Kh5 Rg6 45. g5 a3 46. Rd2 a2 47. Rd1 Kd6 48. Kh4 b4 49. Kh3 Rxg5 50. Kh4 Rg6 51. Kh5 b3 52. Rf1 b2 53. Rd1 b1=Q 54. Re1 Qf5+ 55. Kh4 Qg4# 0-1

[Event "Late-Titled-Tuesday-Blitz-December-26-2023"]
[Site "Chess.com"]
[Date "2023.12.26"]
[Round "6"]
[White "rdarruda"]
[Black "McCarthyStone"]
[Result "1-0"]
[WhiteElo "2514"]
[BlackElo "2398"]
[TimeControl "180+1"]
[EndTime "15:07:29 PST"]
[Termination "rdarruda won by resignation"]

1. Nf3 d5 2. d4 Nf6 3. g3 Bf5 4.
Bg2 Nc6 5. O-O Qd7 6. c4 e6 7.
Qa4 h5 8. Nc3 O-O-O 9. Ne5 Nxe5 10. dxe5 Qxa4 11. Nxa4 Nd7 12. cxd5 Nxe5 13. e4 Bg6 14. Be3 exd5 15. exd5 Kb8 16. Rac1 Bd6 17. Rfd1 h4 18. Nc5 h3 19. Bh1 Bh5 20. f4 Nf3+ 21.
Bxf3 Bxf3 22. Rd2 g5 23. fxg5 Rde8 24. Bf4 Bxf4 25. gxf4 Rh4 26. Nd7+ Kc8 27. Nf6 Rd8 28. d6 c6 29. Rc4 Bg2 30. Kf2 b5 31. Rcd4 c5 32.
Rc2 Kb7 33. Rxc5 Kb6 34. Rc2 Rhh8 35. d7 a6 36. Rd6+ Kb7 37. Kg3 Bf1 38. Rc1 Bc4 39. b3 Be6 40. Rcd1 a5 41. R1d4 Rhf8 42. Kf3 Kc7 43.
Ke4 Rh8 44. f5 Rh4+ 45. Ke5 Rxd4 46. Rxd4 Bxd7 47. Rxd7+ Rxd7 48. Nxd7 Kxd7 49. Kf6 Ke8 50. Kg7 a4 51. g6 axb3 52. axb3 fxg6 53. f6 1-0

[Event "Late-Titled-Tuesday-Blitz-December-26-2023"]
[Site "Chess.com"]
[Date "2023.12.26"]
[Round "6"]
[White "karinachess1"]
[Black "Flaccidmoves"]
[Result "1-0"]
[WhiteElo "2556"]
[BlackElo "2391"]
[TimeControl "180+1"]
[EndTime "15:07:31 PST"]
[Termination "karinachess1 won by resignation"]

1. d4 Nf6 2. c4 g6 3. Nc3 d5 4. cxd5 Nxd5 5. e4 Nxc3 6. bxc3 Bg7 7. Be3 O-O 8. Bc4 c5 9. Ne2 cxd4 10. cxd4 Qa5+ 11. Qd2 Qxd2+ 12. Kxd2 Nc6 13. Rhd1 Rd8 14. Ke1 b6 15. Rac1 Bb7 16. f3 Rac8 17. d5 Ne5 18.
Bb3 Rxc1 19. Bxc1 Ba6 20. Ba3 Nd3+ 21. Kd2 Nc5 22. Ke3 Bxe2 23. Kxe2 Kf8 24. Rc1 Be5 25. g3 Bd6 26. Bb2 f6 27. Bc4 Be5 28. Ba3 Bd6 29.
Bxc5 Bxc5 30. Bb5 f5 31. Bc6 fxe4 32. fxe4 Kg7 33. e5 Bd4 34. e6 Bc5 35. Kd3 Rf8 36.
Rc2 Bd6 37. Kc4 a6 38. Bb7 b5+ 39. Kd3 a5 40. Bc6 b4 41. Kc4 Rf3 42. Ba4 Ra3 43. Kb5 Kf6 44. Bb3 Ke5 45. Re2+ Kd4 46. Rf2 h5 47.
Re2 g5 48. Rc2 h4 49. gxh4 gxh4 50. Rc4+ Kd3 51. Rxh4 Bxh2 52. Rxh2 Kd4 53. Rd2+ Ke5 54. d6 exd6 55. e7 a4 56. e8=Q+ 1-0

[Event "Late-Titled-Tuesday-Blitz-December-26-2023"]
[Site "Chess.com"]
[Date "2023.12.26"]
[Round "6"]
[White "nickmatta"]
[Black "Sanyura"]
[Result "1-0"]
[WhiteElo "2507"]
[BlackElo "2604"]
[TimeControl "180+1"]
[EndTime "15:07:35 PST"]
[Termination "nickmatta won on time"]

1. Nf3 Nf6 2. g3 g6 3. b3 Bg7 4. Bb2 O-O 5. Bg2 d6 6. c4 e5 7. d3 Nbd7 8. O-O Nc5 9. b4 e4 10. Nfd2 Ne6 11. dxe4 a5 12. a3 Re8 13. Nc3 c6 14. b5 Nc5 15. Qc2 a4 16. Rad1 Qa5 17.
Nf3 Be6 18. Rxd6 Bxc4 19. e5 Nd5 20. bxc6 Bb3 21. Qd2 bxc6 22. Rxc6 Nb6 23. Qd4 Rac8 24. Rxc8 Rxc8 25. Ne4 Nxe4 26. Qxe4 Nc4 27. Rc1 Qd8 28. h4 Nxb2 29. Rxc8 Qxc8 30. Ng5 h6 31. e6 hxg5 32. e7 Be6 33. Qc6 Qd7 34. e8=Q+ Qxe8 35. Qxe8+ Kh7 36.
hxg5 Nc4 37. Qc6 Nxa3 38. Bd5 Bxd5 39. Qxd5 Nc2 40. Qa2 Nd4 41. e3 Ne2+ 42. Kf1 Nc3 43. Qc4 a3 44. Qb3 a2 45. Qb2 Kg8 46. f4 Kh7 47. e4 Nxe4 48. Qxa2 Nxg3+ 49. Kg2 Nh5 50. Kf3 f6 51. Qf7 fxg5 52. fxg5 Kh8 53. Qxg6 1-0

[Event "Late-Titled-Tuesday-Blitz-December-26-2023"]
[Site "Chess.com"]
[Date "2023.12.26"]
[Round "6"]
[White "dmarcolino"]
[Black "GoValya"]
[Result "1/2-1/2"]
[WhiteElo "2124"]
[BlackElo "2300"]
[TimeControl "180+1"]
[EndTime "15:07:37 PST"]
[Termination "Game drawn by repetition"]

1. d4 Nf6 2. c4 c5 3. d5 d6 4. Nc3 g6 5. e4 e6 6. h3 exd5 7. exd5 Bg7 8. Nf3 O-O 9. Bd3 Re8+ 10. Be3 Nbd7 11. O-O a6 12. a4 b6 13. Bf4 Qc7 14. Qd2 Nh5 15. Bh2 Ne5 16. Nxe5 Bxe5 17. Bxe5 dxe5 18. Ne4 Qd8 19. Ng5 Nf4 20. h4 f5 21. g3 Nxd3 22. Qxd3 h6 23. Nh3 Kg7 24. f4 e4 25. Qc3+ Qf6 26. Qxf6+ Kxf6 27. b3 Bd7 28. Rfd1 e3 29. Re1 Re4 30. Re2 Rae8 31. Rae1 b5 32.
axb5 axb5 33. Kg2 bxc4 34. bxc4 Ba4 35. Kf3 Bb3 36. Rxe3 Bxc4 37. Rxe4 fxe4+ 38. Ke3 Bxd5 39. Nf2 c4 40. Ra1 Re6 41. Nd1 h5 42. Nc3 Bc6 43.
Ra5 Rd6 44. Nxe4+ Bxe4 45. Kxe4 Rc6 46. Ra2 Ke6 47. Rc2 c3 48. Kd3 Kf5 49. Ke3 Kg4 50. Kf2 Rc4 51. Kg2 Rc5 52. Kf2 Kf5 53. Kf3 Rc4 54. Ke3 Kg4 55. Kf2 Rc5 56. Kg2 Kf5 57.
Kf3 Rc6 58. Ke3 Re6+ 59. Kf3 Rc6 60. Ke3 1/2-1/2

[Event "Late-Titled-Tuesday-Blitz-December-26-2023"]
[Site "Chess.com"]
[Date "2023.12.26"]
[Round "6"]
[White "HappyPawny"]
[Black "frequentblunders"]
[Result "1-0"]
[WhiteElo "2264"]
[BlackElo "2118"]
[TimeControl "180+1"]
[EndTime "15:07:38 PST"]
[Termination "HappyPawny won by resignation"]

1. e4 e6 2. d4 c5 3. d5 exd5 4. exd5 d6 5. Nf3 f5 6. Bd3 Nf6 7. O-O g6 8. c4 Bg7 9. Nc3 O-O 10. Re1 a6 11. a4 h6 12. Qc2 Nbd7 13. Bf4 Qc7 14.
a5 Nh5 15. Bd2 Ne5 16. Nxe5 dxe5 17. Na4 e4 18. Be2 Nf4 19. Bxf4 Qxf4 20. Nxc5 Bd4 21. Na4 Bxf2+ 22. Kh1 e3 23. Rf1 Qh4 24. Qc3 f4 25. Rxf2 exf2 26. Nb6 Rf5 27. Nxc8 Rxc8 28. d6 Rd8 29. c5 g5 30. Qb3+ Kg7 31. Qxb7+ Rf7 32. Qxa6 g4 33. Qd3 f3 34. Bf1 g3 35. h3 fxg2+ 36.
Bxg2 Rdf8 37. c6 Qf4 38. Rf1 Rd8 39. c7 Rc8 40. d7 Qxc7 41. dxc8=Q Qxc8 42. a6 Qc7 43. Qd4+ Kh7 44. b4 Kg8 45. b5 Qe7 46. b6 Qf6 47.
Qxf6 Rxf6 48. b7 Rb6 49. a7 Rxb7 50. a8=Q+ 1-0